 Dungeon Crawl Stone Soup version 0.28.0-1-gb440e238dd (webtiles) character file.

Game seed: 9002880319574179795

21 Snicker the Sneak (level 2, -3/24 HPs)
             Began as a Demonspawn Delver on Feb 21, 2022.
             Slain by a worm (10 damage)
             ... on level 3 of the Dungeon.
             The game lasted 00:01:22 (278 turns).

Snicker the Sneak (Demonspawn Delver)                Turns: 278, Time: 00:01:22

Health: -3/24      AC:  3    Str: 12    XL:     2   Next: 65%
Magic:  2/2        EV: 11    Int: 11    God:
Gold:   48         SH:  0    Dex: 14    Spells: 1/1 levels left

rFire   . . .      SeeInvis .   a - +0 short sword
rCold   . . .      Faith    .   (no shield)
rNeg    . . .      Spirit   .   b - +0 leather armour
rPois   .          Reflect  .   (no helmet)
rElec   .          Harm     .   (no cloak)
rCorr   .          Rampage  .   (no gloves)
Will    .....                   (no boots)
Stlth   +++.......              (no amulet)
HPRegen 0.08/turn               (no ring)
MPRegen 0.08/turn               (no ring)

@: no status effects
A: demonic touch 1
a: no special abilities


You were on level 3 of the Dungeon.
You visited 1 branch of the dungeon, and saw 4 of its levels.

You collected 48 gold pieces.

Inventory:

Hand Weapons
 a - a +0 short sword (weapon)
Missiles
 k - 2 poisoned darts (quivered)
Armour
 b - a +0 leather armour (worn)
Wands
 g - a wand of digging (3)
 i - a wand of mindburst (15)
Scrolls
 c - a scroll of fog
 d - a scroll of magic mapping
 e - a scroll of fear
 h - 2 scrolls of identify {unknown}
Potions
 f - a potion of haste
 j - a potion of brilliance {unknown}


   Skills:
 + Level 3.0 Fighting
 * Level 1.8 Short Blades
 + Level 1.8 Dodging
 * Level 5.2 Stealth


You had one spell level left.
You didn't know any spells.
Your spell library was empty.

Dungeon Overview and Level Annotations

Branches:
Dungeon (6/15)
 Temple: D:4-7

Altars:


Innate Abilities, Weirdness & Mutations

Your touch may inflict minor irresistible damage on your foes.


Message History

The bat is severely wounded.
The bat barely misses you.
You hit the bat.
You kill the bat!
Found a hunting sling.
Found 11 stones.
A worm and a bat come into view.
The bat barely misses you. The bat closely misses you.
The bat hits you but does no damage.
You barely miss the bat. The bat barely misses you.
You hit the bat.
You touch the bat.
You kill the bat!
You hit the worm.
You touch the worm.
The worm is moderately wounded.
The worm closely misses you.
You hit the worm but do no damage.
The worm is moderately wounded.
You barely miss the worm.
The worm is moderately wounded.
The worm barely misses you.
You hit the worm.
The worm is heavily wounded.
You hit the worm.
The worm is heavily wounded.
The worm bites you!
You hit the worm. Your touch misses the worm.
The worm is heavily wounded.
The worm bites you!
* * * LOW HITPOINT WARNING * * *
You barely miss the worm.
The worm is heavily wounded.
You hit the worm.
The worm is heavily wounded.
The worm closely misses you.
You hit the worm.
You touch the worm.
The worm is almost dead.
You hit the worm.
The worm is almost dead.
The worm bites you!
You die...

...#
#########...#...#
##.....#(....#...#
##.................
#.................#
#.............$...#
#..................
#>.................
#......@w.........#
#...............(..
##.............)...
##.....#..........
#########......##
......... ........#
.###.##..


You could see a worm.

Vanquished Creatures
  A hound skeleton (D:4)
  An orc (D:5)
  2 bats (D:3)
  A giant cockroach (D:4)
  A hobgoblin (D:4)
  2 ball pythons
  A kobold (D:4)
9 creatures vanquished.

Notes
Turn   | Place    | Note
-------+----------+-------------------------------------------
     0 | D:5      | Snicker the Demonspawn Delver began the quest for the Orb.
     0 | D:5      | Reached XP level 1. HP: 18/18 MP: 1/1
    80 | D:6      | Noticed an orc priest
   145 | D:5      | Noticed an ogre
   145 | D:5      | Noticed a scorpion
   206 | D:4      | Reached skill level 5 in Stealth
   206 | D:4      | Gained mutation: Your touch may inflict minor irresistible
                  | damage on your foes. [demonic ancestry]
   206 | D:4      | Reached XP level 2. HP: 21/24 MP: 2/2
   278 | D:3      | Slain by a worm

Illustrated notes

Levels and vault maps discovered:
D:3:      layout_rooms, serial_shops, nicolae_shop_statue_plus,
          minmay_misc_feat_room
D:4:      layout_cave_pools, serial_bayou_pond_c
D:5:      minmay_skewed_foursquare, layout_cave_pools, gammafunk_ghost_icy,
          uniq_pikel
D:6:      layout_loops_corners, minmay_temple_entry_tees

Skill      XL: |  1 |
---------------+----+-----
Stealth        | 5 |  5.2
Fighting       | |  3.0
Short Blades   | |  1.8
Dodging        | |  1.8

Action                   || total
-------------------------++-------
Melee: Short sword       ||    45
       Touch             ||     4
Armor: Leather armour    ||    10
Dodge: Dodged            ||    33
